 Dungeon Crawl Stone Soup version 0.29.1-debian-4-g95531337e3 (webtiles) character file.

Game seed: 10840126172194077105

991 Essalna the Geomancer (level 8, -1/45 HPs)
             Began as a Gargoyle Earth Elementalist on Sept 13, 2022.
             Slain by a gnoll (3 damage)
             ... on level 5 of the Dungeon.
             The game lasted 00:09:01 (4490 turns).

Essalna the Geomancer (Gargoyle Earth Elementalist) Turns: 4490, Time: 00:09:01

Health: -1/45      AC:  8    Str: 18    XL:     8   Next: 18%
Magic:  3/11       EV: 11    Int: 18    God:
Gold:   196        SH:  0    Dex: 10    Spells: 7/11 levels left

rFire   . . .      SeeInvis .   c - +0 dagger
rCold   . . .      Faith    .   (no shield)
rNeg    + . .      Spirit   .   a - +0 robe
rPois   ∞          Reflect  .   m - +0 helmet
rElec   +          Harm     .   (no cloak)
rCorr   .          Rampage  .   (no gloves)
Will    .....                   (no boots)
Stlth   ++........              (no amulet)
HPRegen 0.15/turn               f - +6 ring of strength
MPRegen 0.12/turn               (no ring)

@: no status effects
A: sickness immunity, AC +5, negative energy resistance 1, electricity
resistance, torment resistance 1, petrification resistance
a: no special abilities


You were on level 5 of the Dungeon.
You visited 1 branch of the dungeon, and saw 5 of its levels.

You collected 196 gold pieces.

Inventory:

Hand Weapons
 c - a +0 dagger (weapon)
Armour
 a - a +0 robe (worn)
 m - a +0 helmet (worn)
Jewellery
 f - a +6 ring of strength (left hand)
 r - a ring of flight
Wands
 y - a wand of digging (2)
Scrolls
 d - 4 scrolls of identify {unknown}
 e - a scroll of magic mapping
 g - a scroll of noise {unknown}
 k - 2 scrolls of fear {unknown}
 p - 5 scrolls of teleportation {unknown}
 q - 2 scrolls of immolation {unknown}
 s - a scroll of vulnerability {unknown}
 t - a scroll of poison {unknown}
 u - a scroll of enchant armour {unknown}
 v - a scroll of torment {unknown}
Potions
 b - a potion of magic
 h - a potion of curing {unknown}
 i - a potion of resistance {unknown}
 j - a potion of brilliance {unknown}
 l - a potion of haste {unknown}
 n - 3 potions of attraction {unknown}
 o - a potion of lignification {unknown}
 w - a potion of cancellation {unknown}
 x - a potion of invisibility {unknown}
 z - a potion of berserk rage {unknown}


   Skills:
 - Level 2.8 Fighting
 - Level 1.5 Dodging
 - Level 2.1 Stealth
 - Level 2.0 Spellcasting
 - Level 2.0 Conjurations
 - Level 0.7 Transmutations
 + Level 10.8 Earth Magic


You had 7 spell levels left.
You knew the following spells:

 Your Spells              Type           Power      Damage    Failure   Level
a - Sandblast             Erth           80%        2d17      1%          1
b - Stone Arrow           Conj/Erth      48%        3d10      4%          3

Your spell library contained the following spells:

 Spells                   Type           Power      Damage    Failure   Level
 Passwall                 Tmut/Erth      18%        N/A       2%          2
 Magic Dart               Conj           36%        1d4       8%          1
 Petrify                  Tmut/Erth      22%        N/A       17%         4
 Animate Armour           Summ/Erth      42%        N/A       21%         4
 Call Imp                 Summ           1%         N/A       26%         2
 Mephitic Cloud           Conj/Pois/Air  4%         N/A       38%         3
 Ignite Poison            Fire/Tmut/Pois 2%         N/A       45%         3
 Ozocubu's Armour         Ice            1%         N/A       47%         3
 Sticky Flame             Conj/Fire      5%         2d3       75%         4
 Ozocubu's Refrigeration  Ice            0%         4d7       100%        7
 Lehudib's Crystal Spear  Conj/Erth      12%        10d4      100%        8


Dungeon Overview and Level Annotations

Branches:
Dungeon (5/15)
 Temple: D:4-7

Altars:

Shops:
D:1 ([[   D:2 :   D:3 [   D:4 ([


Innate Abilities, Weirdness & Mutations

You are immune to sickness and miasma.
Your stone body is resilient. (AC +5)
You are immune to poison.
You resist negative energy. (rN+)
You are resistant to electric shocks. (rElec)
You are resistant to unholy torment.
You are immune to petrification.


Message History

A jackal comes into view.
The gnoll hits you from afar with a +0 spear.
The gnoll hits you. The gnoll barely misses you.
The gnoll bouda hits you with a +0 club.
The blast of sand hits the gnoll bouda!!
You kill the gnoll bouda!
The gnoll completely misses you. The gnoll hits you.
The gnoll closely misses you. The gnoll barely misses you.
The gnoll hits you but does no damage. The gnoll closely misses you.
The gnoll attacks as you move away! The gnoll closely misses you.
The gnoll attacks as you move away! The gnoll hits you but does no damage.
The gnoll throws a throwing net.
The throwing net barely misses you. The gnoll hits you with a +0 flail.
The gnoll hits you but does no damage. The hound attacks as you move away!
The hound barely misses you. The hound bites you but does no damage.
The hound attacks as you move away! The hound closely misses you.
The gnoll attacks as you move away! The gnoll hits you but does no damage.
The gnoll is no longer moving quickly. x2; The gnoll throws a throwing net.
The throwing net hits you.
You become entangled in the net!
The gnoll barely misses you. The gnoll sergeant barely misses you.
You see here a throwing net.
You struggle against the net.
The hound bites you but does no damage. The gnoll hits you but does no damage.
The gnoll sergeant hits you from afar with a +2 trident of protection.
The hound completely misses you.
You struggle against the net.
The gnoll barely misses you. The hound bites you.
The gnoll hits you with a +0 flail! The gnoll hits you but does no damage.
The gnoll sergeant hits you from afar with a +2 trident of protection!
* * * LOW HITPOINT WARNING * * *
You shred the net and break free! The hound bites you but does no damage.
The gnoll hits you but does no damage. x2; The gnoll closely misses you.
The gnoll sergeant hits you from afar with a +2 trident of protection.
* * * LOW HITPOINT WARNING * * *
The gnoll closely misses you. The hound barely misses you.
Okay, then.
As you read the scroll labelled GURAIJOFFA, it crumbles to dust.
You feel aware of your surroundings.
You sensed 3 altars.
It was a scroll of magic mapping.
The gnoll is no longer moving quickly.
The jackal closely misses you. The gnoll hits you.
You die...

* *****,*** #### ************
**,#.....#*#... ,,,,,,,,,,^*
*#.........##... *********,,*
*...........##.. **********,*
**>..........#.. ,*,,*...,#.*
*##.........#.. ,*,,*....#.*
#####............. ,*++*....#.*
###g(#..............
,,,,,......###gg@............####
,,,,,....!....ghgh...............
,,,,,,....)......................
,*''*,,..#)).....#....#..........
,*,,*,,,,#.(....##..#########....
,*,,*,,,,#..#...###.#*******#....
********##......##..#*_,,*,*#....
********#...........#*,,,***#.>..
,,,,,,.....[........#*,,,,,*#....


You could see a gnoll sergeant (swift), a hound, 4 gnolls and a jackal.

Vanquished Creatures
  Sigmund (D:2)
  Edmund (D:4)
  An ogre (D:5)
  A phantom (D:5)
  A necrophage (D:4)
  A scorpion (D:4)
  2 hounds (D:4)
  A jelly (D:5)
  A gnoll bouda (D:5)
  Jessica (D:2)
  Natasha (thrice) (D:4)
  Robin (D:2)
  7 gnolls
  3 adders
  A worm (D:2)
  2 dart slugs
  8 bats
  8 endoplasms
  4 giant cockroaches
  18 goblins
  13 hobgoblins
  5 quokkas
  8 ball pythons
  3 frilled lizards
  6 kobolds
  7 rats
108 creatures vanquished.

Notes
Turn   | Place    | Note
-------+----------+-------------------------------------------
     0 | D:1      | Essalna the Gargoyle Earth Elementalist began the quest for
                  | the Orb.
     0 | D:1      | Reached XP level 1. HP: 10/10 MP: 3/3
   172 | D:1      | Found Suemecw's Weapon Boutique.
   180 | D:1      | Reached skill level 1 in Fighting
   180 | D:1      | Reached XP level 2. HP: 16/16 MP: 3/5
   181 | D:1      | Reached skill level 4 in Earth Magic
   357 | D:1      | Found Jup Zuek's Armour Shoppe.
   728 | D:1      | Found Okhlikiag's Antique Armour Boutique.
   971 | D:1      | Found Piostrez's General Store.
  1202 | D:1      | Reached XP level 3. HP: 15/21 MP: 6/6
  1583 | D:2      | Noticed Jessica
  1584 | D:2      | Killed Jessica
  1585 | D:2      | Reached XP level 4. HP: 27/27 MP: 5/7
  1616 | D:2      | Learned a level 3 spell: Stone Arrow
  1650 | D:2      | Noticed Robin
  1689 | D:2      | Noticed Sigmund
  1710 | D:3      | Reached skill level 5 in Earth Magic
  1938 | D:2      | Killed Robin
  1939 | D:2      | Reached skill level 1 in Conjurations
  2299 | D:2      | Reached XP level 5. HP: 27/32 MP: 8/8
  2431 | D:2      | Killed Sigmund
  2432 | D:2      | Reached skill level 7 in Earth Magic
  2432 | D:2      | Reached XP level 6. HP: 36/36 MP: 4/9
  2485 | D:2      | Found Vuyfitif's Book Boutique.
  2709 | D:3      | Found Xafimen's Antique Armour Emporium.
  3255 | D:4      | Found Emyugg's Antique Weapon Emporium.
  3261 | D:4      | Noticed Natasha
  3264 | D:4      | Killed Natasha
  3376 | D:4      | Reached skill level 8 in Earth Magic
  3376 | D:4      | Reached XP level 7. HP: 39/40 MP: 6/10
  3422 | D:4      | Found Seontirch's Antique Armour Emporium.
  3822 | D:4      | Noticed Edmund
  3863 | D:4      | Killed Edmund
  3864 | D:4      | Reached skill level 9 in Earth Magic
  4180 | D:4      | Noticed Natasha
  4185 | D:4      | Killed Natasha
  4303 | D:4      | Noticed Natasha
  4306 | D:4      | Killed Natasha
  4327 | D:5      | Entered Level 5 of the Dungeon
  4435 | D:5      | Reached skill level 10 in Earth Magic
  4474 | D:5      | Reached XP level 8. HP: 45/45 MP: 8/11
  4489 | D:5      | HP: 2/45 [gnoll sergeant/+2 trident of protection (6)]
  4490 | D:5      | Slain by a gnoll

Illustrated notes

Levels and vault maps discovered:
D:1:      eino_arrival_cavern_d, layout_loops_ring, serial_shops,
          nicolae_shop_bloodbath_and_beyond, nicolae_shop_waterfront,
          shop_fountains, shop
D:2:      layout_rooms, serial_shops, nicolae_shop_trees, minmay_tromino_v4_c,
          uniq_jessica, uniq_robin, uniq_sigmund
D:3:      layout_rooms, serial_shops, nicolae_shop_crystal
D:4:      layout_basic, serial_shops, nicolae_stop_n_shop_2, shop,
          cheibrodos_gnoll_hut, uniq_edmund, uniq_natasha
D:5:      layout_cave_pools, zin_angel, mainiacjoe_overflow_surrounded_room,
          cheibrodos_ashenzari_chains, serial_gnoll_camp, grums_kennel,
          gnoll_camp_mini_hut, gnoll_camp_medium_02, gnoll_camp_mini_doghouse,
          uniq_blork_the_orc

Skill      XL: |  1  2  3  4  5  6  7 |
---------------+----------------------+-----
Fighting       | 1 2 |  2.8
Earth Magic    | 4 5 7 8 10 | 10.8
Conjurations   | 1 2 |  2.0
Dodging        | |  1.5
Stealth        | |  2.1
Spellcasting   | |  2.0
Transmutations | |  0.7

Action                   |  1- 3 |  4- 6 |  7- 9 || total
-------------------------+-------+-------+-------++-------
Melee: Unarmed           |     1 |       |       ||     1
       Dagger            |    60 |    66 |       ||   126
       Punch             |     1 |     1 |       ||     2
 Cast: Sandblast         |    32 |    56 |    40 ||   128
       Stone Arrow       |       |       |     2 ||     2
  Use: Scroll            |       |       |     1 ||     1
 Stab: Sleeping          |       |     1 |       ||     1
Armor: Robe              |    23 |    17 |    25 ||    65
Dodge: Dodged            |    47 |    66 |    31 ||   144
